 Dungeon Crawl Stone Soup version 0.26-b1-32-g5d43845318 (webtiles) character file.

Game seed: 9876755355927106919

83983 dracos369 the Spear-Bearer (level 15, -7/105 HPs)
             Began as a Demonspawn Artificer on Jan 7, 2021.
             Was the Champion of Hepliaklqana.
             Mangled by an orange demon (8 damage)
             ... summoned by an orc sorcerer
             ... while paralysed by an orc sorcerer
             ... on level 2 of the Orcish Mines.
             The game lasted 01:52:11 (24646 turns).

dracos369 the Spear-Bearer (Demonspawn Artificer)  Turns: 24646, Time: 01:52:11

Health: -7/105     AC: 16    Str: 23    XL:     15   Next: 33%
Magic:  19/22      EV:  2    Int: 18    God:    Hepliaklqana [******]
Gold:   1598       SH:  0    Dex: 23    Spells: 13/23 levels left

rFire    + . .     SeeInvis +   b - +1 demon trident (vamp)
rCold    . . .     Faith    .   M - +0 buckler
rNeg     . . .     Spirit   .   P - +2 ring mail "Enoy" {*Contam rCorr Int+4 Dex+5}
rPois    .         Reflect  +   (helmet unavailable)
rElec    .         Harm     .   H - +2 cloak
rCorr    +         Rampage  .   (no gloves)
Will     +....                  J - +0 pair of boots
Stlth    +++.......             y - amulet of reflection
HPRegen  0.27/turn              E - +4 ring of protection
MPRegen  0.18/turn              Y - +6 ring of strength

@: paralysed, lethally poisoned (-7 -> -21), liquid flames, glowing
A: reduced essence, antennae 3, thin skeletal structure 2, fire resistance 1,
powered by pain 1, flame cloud immunity
a: Renounce Religion, Recall Ancestor, Ancestor Identity, Transference, Idealise


You were on level 2 of the Orcish Mines.
You worshipped Hepliaklqana.
Hepliaklqana was exalted by your worship.
You visited 4 branches of the dungeon, and saw 21 of its levels.
You also visited: Sewer, Ossuary and Volcano.

You collected 1878 gold pieces.
You spent 280 gold pieces at shops.

Inventory:

Hand Weapons
 a - the +6 spear of the Ancients {flame, rElec Will++}
   (You took it off a gnoll sergeant on level 12 of the Dungeon)

   It has been specially enchanted to burn those struck by it, causing extra
   injury to most foes and up to half again as much damage against particularly
   susceptible opponents.
   It insulates you from electricity.
   It affects your willpower, your defense against some magical effects.
 b - a +1 vampiric demon trident (weapon)
Missiles
 j - 8 curare-tipped darts
 q - 8 boomerangs of dispersal
 O - 10 javelins
 Q - 20 boomerangs
Armour
 H - a +2 cloak (worn)
 J - a +0 pair of boots (worn)
 M - a +0 buckler (worn)
 P - the +2 ring mail "Enoy" (worn) {*Contam rCorr Int+4 Dex+5}
   (You found it on level 4 of the Dungeon)

   It affects your intelligence (+4).
   It affects your dexterity (+5).
   It causes magical contamination when unequipped.
   It provides partial protection from all sources of acid and corrosion.
Jewellery
 y - an amulet of reflection (around neck)
 E - a +4 ring of protection (left hand)
 V - an uncursed ring of positive energy
 Y - a +6 ring of strength (right hand)
Wands
 c - a wand of digging (18)
 d - a wand of enslavement (31)
 v - a wand of polymorph (10)
 G - a wand of acid (37)
 L - a wand of paralysis (7)
 N - a wand of flame (58) (quivered)
 R - a wand of iceblast (16)
Scrolls
 f - 2 scrolls of vulnerability
 g - 9 scrolls of teleportation
 h - 10 scrolls of identify
 l - a scroll of immolation
 n - 5 scrolls of fog
 o - 2 scrolls of amnesia
 u - 2 scrolls of magic mapping
 B - 6 scrolls of blinking
 D - a scroll of fear
 F - 11 scrolls of remove curse
 Z - a scroll of summoning
Potions
 i - 2 potions of resistance
 k - 4 potions of lignification
 m - 8 potions of curing
 p - 7 potions of brilliance
 r - 2 potions of cancellation
 s - 2 potions of magic
 t - 3 potions of haste
 w - 13 potions of might
 A - 6 potions of flight
 C - 3 potions of invisibility
 I - 4 potions of heal wounds
 K - 2 potions of ambrosia
Miscellaneous
 e - a box of beasts
 W - a condenser vane (inert)


   Skills:
 + Level 10.6 Fighting
 - Level 14.0 Polearms
 + Level 5.7 Armour
 + Level 6.8 Dodging
 - Level 8.0 Stealth
 - Level 4.0 Shields
 + Level 4.7 Spellcasting
 + Level 11.4 Necromancy
 - Level 2.5 Translocations
 - Level 10.0 Invocations
 - Level 3.0 Evocations


You had 13 spell levels left.
You knew the following spells:

 Your Spells              Type           Power        Failure   Level
a - Animate Dead          Necr           22%          1%          4
b - Blink                 Tloc           N/A          11%         2
c - Animate Skeleton      Necr           90%          1%          1
v - Vampiric Draining     Necr           22%          1%          3

Your spell library contained the following spells:

 Spells                   Type           Power        Failure   Level
 Pain                     Necr           100%         1%          1
 Agony                    Necr           45%          4%          5
 Apportation              Tloc           26%          8%          1
 Beastly Appendage        Tmut           8%           21%         1
 Corona                   Hex            4%           21%         1
 Magic Dart               Conj           16%          21%         1
 Sting                    Tmut/Pois      16%          21%         1
 Summon Small Mammal      Summ           16%          21%         1
 Call Imp                 Summ           4%           30%         2
 Poisonous Vapours        Pois/Air       8%           30%         2
 Slow                     Hex            4%           30%         2
 Wereblood                Tmut           4%           30%         2
 Call Canine Familiar     Summ           4%           52%         3
 Conjure Flame            Conj/Fire      4%           52%         3
 Ignite Poison            Fire/Tmut/Pois 4%           52%         3
 Mephitic Cloud           Conj/Pois/Air  4%           52%         3
 Spider Form              Tmut/Pois      2%           52%         3
 Static Discharge         Conj/Air       4%           52%         3
 Summon Guardian Golem    Hex/Summ       4%           52%         3
 Ice Form                 Ice/Tmut       4%           90%         4
 Olgreb's Toxic Radiance  Pois           4%           90%         4
 Summon Ice Beast         Ice/Summ       4%           90%         4
 Summon Lightning Spire   Summ/Air       4%           90%         4
 Blade Hands              Tmut           2%           99%         5
 Lightning Bolt           Conj/Air       2%           99%         5
 Freezing Cloud           Conj/Ice/Air   2%           100%        6
 Ignition                 Fire           2%           100%        8
 Shatter                  Erth           2%           100%        9
 Tornado                  Air            2%           100%        9


Dungeon Overview and Level Annotations

Branches:
Dungeon (12/15)            Temple (1/1) D:6            Lair (6/6) D:11
 Shoals (0/4) Lair:3       Spider (0/4) Lair:3        Slime (0/5) Lair:6
    Orc (2/2) D:12          Sewer (visited)         Ossuary (visited)
Volcano (visited)
    Elf: Orc:2

Altars:
Ashenzari
Cheibriados
Dithmenos
Elyvilon
Fedhas
Gozag
Hepliaklqana
Kikubaaqudgha
Makhleb
Nemelex Xobeh
Okawaru
Qazlal
Ru
Sif Muna
Trog
Uskayaw
Vehumet
Wu Jian
Xom
Yredelemnul
Zin
The Shining One
Jiyva

Shops:
D:11 [

Portals:
Abyss: D:6

Annotations:
Orc:2 3 runed translucent doors, rpophessagr's ghost, journeyman HOMo


Innate Abilities, Weirdness & Mutations

You have a pair of large antennae on your head. (SInv)
You have a moderately thin skeletal structure. (Dex +4, Stealth+)
Your flesh is heat resistant. (rF+)
You sometimes gain a little power by taking damage.
You are immune to clouds of flame.
Your life essence is reduced to manifest your ancestor. (-10% HP)


Message History

The orange demon poisons you!
The orange demon hits you but does no damage.
You are covered in liquid flames!
* * * LOW HITPOINT WARNING * * *
x2 You feel sick.
The neqoxec disappears in a puff of smoke!
The quasit disappears in a puff of smoke!
The shadow imp disappears in a puff of smoke!
The ufetubus disappears in a puff of smoke!
The orc wizard no longer looks unusually strong.
The orc sorcerer hits your orc warrior zombie with a +1 dagger of protection.
Your orc warrior zombie is destroyed!
The orc high priest prays to Beogh.
The orange demon stings you but does no damage.
The smoke demon gestures at you.
The ball of steam hits you but does no damage.
The ynoxinul gestures.
Your orc warrior zombie misses the orc sorcerer.
The orange demon stings you!
You die...

#.#.....## ...
##.## #......##
##.# ###
#.......### ###
...........##
............##
..######.....##
.. ###.Z).#
##ZZ4# { {
#3@§# {
{{#ooo##


oooo4o# §45o44o## ..34o4## ..5..§ 5...## ..÷# You could see 2 orc knights, 2 orc
high priests, 2 orange demons, a rust devil (summoned), a smoke demon
(summoned), a ynoxinul (summoned), 3 chaos spawn, 3 orc sorcerers, a red devil
(summoned), an orc warrior (strong), 2 orc wizards, an orc (strong), 3 ufetubi,
a friendly orc zombie, a friendly orc warrior zombie and a friendly orc knight
zombie.

Vanquished Creatures
  Rupert (D:12)
  An orc warlord (Orc:2)
  A red draconian (Volcano)
  An ogre mage (D:11)
  A fire dragon (Lair:6)
  3 boulder beetles (D:12)
  6 hydras
  2 catoblepae
  2 centaur warriors
  4 two-headed ogres
  A hell hog (D:6)
  A death yak (Lair:4)
  An orc high priest (Orc:2)
  Nergalle (Lair:4)
  A shadow wraith (D:12)
  An unseen horror (D:12)
  A swamp dragon (Lair:6)
  The ghost of skk the Shield-Bearer, a novice DDFi (D:6)
  An ugly thing (D:12)
  Pikel (D:9)
  An orc knight (Orc:2)
  A deep elf mage (D:12)
  3 elephants (Lair:6)
  3 cyclopes
  4 black mambas
  A toenail golem (D:6)
  A torpor snail (Lair:4)
  7 cane toads
  A yaktaur (Volcano)
  9 komodo dragons
  A kobold demonologist (D:11)
  2 trolls
  A meliai (D:12)
  A polar bear (Lair:6)
  2 hornets
  16 blink frogs
  Sigmund (D:5)
  2 wraiths (D:12)
  A shadow (D:12)
  3 fire bats (Volcano)
  A wyvern (Lair:2)
  16 yaks
  2 vampire mosquitoes (D:10)
  3 steam dragons
  2 wargs (Orc:2)
  An acid dragon (Lair:6)
  Menkaure (D:5)
  9 water moccasins
  A swamp drake (Lair:6)
  A swamp drake (shapeshifter) (D:12)
  7 orc warriors
  A phantom (D:8)
  2 sky beasts (D:10)
  An eye of draining (D:11)
  9 wolves
  6 ogres
  4 centaurs
  9 bullfrogs
  A small abomination (D:6)
  2 big kobolds
  A wyvern zombie (D:6)
  2 gnoll sergeants
  2 wyvern skeletons
  2 water moccasin skeletons
  4 killer bees (D:11)
  3 wights (D:10)
  6 howler monkeys
  3 lava snakes (Volcano)
  A crimson imp (D:5)
  11 orc priests
  A jelly (D:11)
  5 hounds
  3 bullfrog skeletons
  9 orc wizards
  Jessica (D:3)
  3 iguanas (Lair:6)
  4 hell rats (Lair:5)
  4 worker ants
  A big kobold zombie (Ossuary)
  A hound zombie (D:9)
  3 hound skeletons
  A howler monkey zombie (D:7)
  3 river rats (Sewer)
  8 adders
  A shadow imp (D:10)
  2 white imps
  2 ufetubi (D:6)
  An ooze (D:1)
  2 adder skeletons
  A worm (D:6)
  A dart slug (D:2)
  7 leopard geckos
  37 orcs
  5 giant cockroaches
  2 gnoll zombies (D:6)
  4 goblins (D:3)
  2 hobgoblins
  8 jackals
  15 kobolds
  A quokka (D:9)
  7 ball pythons
  3 bats
  4 frilled lizards
  3 hobgoblin zombies (Ossuary)
  4 kobold zombies (Ossuary)
  3 orc zombies (Ossuary)
  18 rats
387 creatures vanquished.

Vanquished Creatures (collateral kills)
  Kirke (Lair:4)
  The ghost of Odimp the Protected, a journeyman KoWn of Wu Jian (Lair:4)
  2 hydras
  A boulder beetle (D:12)
  A two-headed ogre (D:11)
  A death yak (Lair:4)
  Urug (D:12)
  A cyclops (D:12)
  2 cane toads
  A komodo dragon (Lair:6)
  2 trolls
  Prince Ribbit (D:6)
  2 hornets (D:9)
  6 blink frogs
  A wyvern (D:12)
  2 fire bats (Volcano)
  2 basilisks
  A hog (Lair:4)
  13 yaks (Lair:1)
  2 acid dragons (Lair:6)
  6 water moccasins
  2 swamp drakes (Lair:6)
  6 orc warriors
  2 ice beasts
  5 sky beasts
  3 phantoms
  2 necrophages
  4 ogres
  4 wolves
  5 centaurs
  A big kobold (D:9)
  6 bullfrogs
  A water moccasin zombie (Ossuary)
  A scorpion (D:8)
  3 killer bees (D:8)
  3 wights
  3 howler monkeys
  3 lava snakes (Volcano)
  4 hounds
  A quasit (D:10)
  An orc priest (D:10)
  A jelly (D:9)
  A centaur skeleton (D:3)
  Terence (D:3)
  3 iguanas
  Natasha (thrice) (D:4)
  8 orc wizards
  A hell rat (Lair:5)
  2 worker ants
  A big kobold zombie (Ossuary)
  A hound zombie (D:9)
  2 mummies (Ossuary)
  4 gnolls (D:3)
  3 river rats (Sewer)
  7 adders
  A shadow imp (D:9)
  A white imp (D:5)
  An ooze (D:5)
  6 adder zombies
  2 leopard geckos
  17 orcs
  11 ball pythons
  5 bats
  2 giant cockroaches
  A gnoll zombie (Ossuary)
  A goblin (D:2)
  2 hobgoblins
  5 jackals
  7 kobolds
  3 quokkas
  5 frilled lizards
  A hobgoblin zombie (Ossuary)
  4 kobold zombies (Ossuary)
  4 orc zombies (Ossuary)
  12 rats
239 creatures vanquished.

Vanquished Creatures (others)
  18 battlemagi
  37 fungi
  35 plants
90 creatures vanquished.

Grand Total: 716 creatures vanquished

Notes
Turn   | Place    | Note
-------+----------+-------------------------------------------
     0 | D:1      | dracos369 the Demonspawn Artificer began the quest for the
                  | Orb.
     0 | D:1      | Reached XP level 1. HP: 15/15 MP: 1/1
    56 | D:1      | Reached skill level 1 in Dodging
   207 | D:1      | Gained mutation: You have a pair of small antennae on your
                  | head. [demonic ancestry]
   207 | D:1      | Reached XP level 2. HP: 18/21 MP: 2/2
   304 | D:1      | You fall into a shaft and drop 1 floor!
   304 | D:2      | Found a hazy altar of Hepliaklqana.
   312 | D:2      | Became a worshipper of Hepliaklqana the Forgotten
   410 | D:2      | Found an opulent altar of Gozag.
   653 | D:1      | Gained mutation: You have a pair of antennae on your head.
                  | [demonic ancestry]
   653 | D:1      | Reached XP level 3. HP: 12/24 MP: 3/3
  1168 | D:1      | Reached * piety under Hepliaklqana
  1730 | D:2      | Gained mutation: Your flesh is heat resistant. (rF+)
                  | [demonic ancestry]
  1730 | D:2      | Reached XP level 4. HP: 30/30 MP: 4/4
  2313 | D:3      | Reached skill level 1 in Polearms
  2348 | D:3      | Reached XP level 5. HP: 28/36 MP: 5/5
  2450 | D:3      | Noticed Jessica
  2451 | D:3      | Killed Jessica
  2452 | D:3      | Reached skill level 2 in Polearms
  2583 | D:3      | Noticed Terence
  2631 | D:3      | Killed Terence
  2920 | D:3      | Found an iron altar of Okawaru.
  3015 | D:3      | Found a shadowy altar of Dithmenos.
  3055 | D:3      | Found a sacrificial altar of Ru.
  3328 | D:4      | Reached ** piety under Hepliaklqana
  3329 | D:4      | Remembered your ancestor Plam as a battlemage
  3442 | D:4      | Gained mutation: You are immune to clouds of flame.
                  | [demonic ancestry]
  3442 | D:4      | Reached XP level 6. HP: 37/42 MP: 6/6
  3518 | D:4      | You fall into a shaft and drop 3 floors!
  3519 | D:7      | Noticed an ice beast
  3521 | D:7      | Killed an ice beast
  3522 | D:7      | Reached skill level 3 in Polearms
  3574 | D:7      | Noticed an orc warrior
  3612 | D:7      | Killed an orc warrior
  3680 | D:7      | Noticed a water moccasin
  3689 | D:7      | Killed a water moccasin
  3690 | D:7      | Reached XP level 7. HP: 31/49 MP: 7/7
  3964 | D:7      | Found a bloodstained altar of Trog.
  4096 | D:6      | Found a staircase to the Ecumenical Temple.
  4126 | D:6      | Found a snail-covered altar of Cheibriados.
  4260 | D:6      | Found a glowing drain.
  4264 | Sewer    | Entered a sewer
  4497 | Sewer    | Reached skill level 4 in Polearms
  4503 | Sewer    | Reached skill level 5 in Fighting
  4912 | D:5      | Entered Level 5 of the Dungeon
  4920 | D:5      | Noticed Sigmund
  4929 | D:5      | Killed Sigmund
  4930 | D:5      | Reached XP level 8. HP: 55/56 MP: 8/8
  4947 | D:5      | Found a sand-covered staircase.
  4958 | D:5      | Reached skill level 5 in Polearms
  4966 | Ossuary  | Entered an ossuary
  5237 | D:5      | Noticed Menkaure
  5244 | D:5      | Killed Menkaure
  5245 | D:5      | Reached skill level 5 in Armour
  5521 | D:5      | Found a burning altar of Makhleb.
  5522 | D:5      | Found a radiant altar of Vehumet.
  5618 | D:5      | Reached skill level 6 in Polearms
  5677 | D:5      | Reached *** piety under Hepliaklqana
  5854 | D:5      | Found the +2 hood of the Assassin {Detection Stab+ Stlth++}
  6024 | D:4      | Found a shimmering blue altar of Sif Muna.
  6041 | D:4      | Got a fine ring mail
  6052 | D:4      | Identified the +0 ring mail of the Morning Star {-Tele
                  | rElec Will+ Int+3} (You found it on level 4 of the Dungeon)
  6115 | D:4      | Noticed Natasha
  6120 | D:4      | Killed Natasha
  6240 | D:4      | Got a distressingly furry ring mail
  6251 | D:4      | Identified the +2 ring mail "Enoy" {*Contam rCorr Int+4
                  | Dex+5} (You found it on level 4 of the Dungeon)
  6397 | D:4      | You fall into a shaft and drop 3 floors!
  6473 | D:7      | Gained mutation: You have a somewhat thin skeletal
                  | structure. (Dex +2, Stealth) [demonic ancestry]
  6473 | D:7      | Reached XP level 9. HP: 63/63 MP: 9/9
  6488 | D:6      | Found a white marble altar of Elyvilon.
  6537 | D:6      | Found a one-way gate to the infinite horrors of the Abyss.
  6537 | D:6      | Noticed skk's ghost (novice DDFi)
  6538 | D:6      | Noticed a toenail golem
  6656 | D:6      | Found a transporter.
  6683 | D:6      | Found a transporter.
  6882 | D:6      | Noticed Prince Ribbit
  6893 | D:6      | Found a basalt altar of Yredelemnul.
  6897 | D:6      | Killed Prince Ribbit
  6898 | D:6      | Reached skill level 7 in Polearms
  7467 | Temple   | Entered the Ecumenical Temple
  7787 | D:4      | Noticed Natasha
  7791 | D:4      | Killed Natasha
  8032 | D:4      | Noticed Natasha
  8042 | D:4      | Killed Natasha
  8280 | D:4      | Found a shimmering blue altar of Sif Muna.
  8503 | D:7      | Found a stormy altar of Qazlal.
  9018 | D:8      | Found a hide-covered altar of Uskayaw.
  9143 | D:8      | Found a glowing golden altar of the Shining One.
  9161 | D:8      | Reached **** piety under Hepliaklqana
  9286 | D:8      | Reached skill level 8 in Polearms
  9287 | D:8      | Reached skill level 1 in Invocations
  9572 | D:8      | Learned a level 1 spell: Animate Skeleton
 10011 | D:9      | Reached skill level 1 in Necromancy
 10028 | D:9      | Noticed Pikel
 10036 | D:9      | Killed Pikel
 10037 | D:9      | Reached XP level 10. HP: 71/71 MP: 10/12
 10417 | D:9      | Learned a level 2 spell: Blink
 11133 | D:10     | Entered Level 10 of the Dungeon
 11135 | D:10     | Reached skill level 5 in Dodging
 11193 | D:10     | Reached skill level 9 in Polearms
 11574 | D:10     | Reached ***** piety under Hepliaklqana
 11931 | D:10     | Found a shimmering altar of Xom.
 12411 | D:10     | Reached skill level 5 in Invocations
 12618 | D:11     | Found a staircase to the Lair.
 12920 | D:11     | Found Lerphom's Armour Shop.
 12933 | D:11     | Bought a +2 cloak for 280 gold pieces
 13060 | D:11     | Got a dazzling hunting sling
 13134 | D:11     | Noticed a two-headed ogre
 13141 | D:11     | Killed a two-headed ogre
 13142 | D:11     | Gained mutation: You sometimes gain a little power by
                  | taking damage. [demonic ancestry]
 13142 | D:11     | Reached XP level 11. HP: 78/78 MP: 15/15
 13142 | D:11     | Noticed a two-headed ogre
 13145 | D:11     | Noticed an ogre mage
 13148 | D:11     | Paralysed by an ogre mage for 4 turns
 13154 | D:11     | Killed an ogre mage
 13155 | D:11     | Reached skill level 10 in Polearms
 13164 | D:11     | Killed a two-headed ogre
 13218 | D:11     | Reached skill level 5 in Necromancy
 13720 | Lair:1   | Entered Level 1 of the Lair of Beasts
 13788 | Lair:1   | HP: 2/80 [yak (10)]
 14065 | Lair:1   | Identified the cursed +3 hunting sling of Xom's Esteem
                  | {freeze, rElec rC+ Will+} (You found it on level 11 of the
                  | Dungeon)
 14346 | Lair:1   | Noticed a six-headed hydra
 14352 | Lair:1   | Killed a six-headed hydra
 14645 | Lair:1   | Learned a level 3 spell: Vampiric Draining
 14650 | Lair:1   | Learned a level 4 spell: Animate Dead
 14791 | Lair:1   | Noticed a six-headed hydra
 14801 | Lair:1   | Killed a six-headed hydra
 14802 | Lair:1   | Reached skill level 11 in Polearms
 14802 | Lair:1   | Reached skill level 1 in Stealth
 15037 | Lair:1   | Gained mutation: You have a moderately thin skeletal
                  | structure. (Dex +4, Stealth+) [demonic ancestry]
 15037 | Lair:1   | Reached XP level 12. HP: 73/85 MP: 17/17
 15482 | Lair:2   | Noticed a six-headed hydra
 15493 | Lair:2   | Killed a six-headed hydra
 15886 | Lair:2   | Found a shimmering blue altar of Sif Muna.
 15905 | Lair:2   | Noticed a five-headed hydra
 15918 | Lair:2   | Killed a five-headed hydra
 16011 | Lair:2   | Noticed a catoblepas
 16011 | Lair:2   | Noticed a six-headed hydra
 16021 | Lair:2   | Killed a six-headed hydra
 16067 | Lair:2   | Killed a catoblepas
 16753 | Lair:3   | Found a staircase to the Shoals.
 16788 | Lair:3   | Found a dark tunnel.
 16794 | Lair:3   | Reached skill level 12 in Polearms
 16802 | Volcano  | Entered a volcano
 17026 | Volcano  | Noticed a red draconian
 17041 | Volcano  | Noticed a centaur warrior
 17051 | Volcano  | Killed a red draconian
 17060 | Volcano  | Killed a centaur warrior
 17364 | Volcano  | Found a radiant altar of Vehumet.
 17405 | Volcano  | Found a bloodstained altar of Trog.
 17453 | Lair:3   | Noticed a four-headed hydra
 17460 | Lair:3   | Killed a four-headed hydra
 17504 | Lair:3   | Reached XP level 13. HP: 85/90 MP: 20/20
 17516 | Lair:3   | Reached skill level 5 in Stealth
 17592 | Lair:3   | Reached ****** piety under Hepliaklqana
 17703 | Lair:3   | Reached skill level 10 in Invocations
 17741 | Lair:3   | Reached skill level 13 in Polearms
 17741 | Lair:3   | Reached XP level 14. HP: 57/97 MP: 21/21
 17895 | Lair:3   | You fall into a shaft and drop 2 floors!
 18928 | Lair:4   | Noticed Nergalle
 18933 | Lair:4   | Killed Nergalle
 19073 | Lair:4   | Noticed Kirke
 19087 | Lair:4   | Killed Kirke
 19092 | Lair:4   | Found a runed translucent door.
 19477 | Lair:4   | Noticed Odimp's ghost (journeyman KoWn)
 19495 | Lair:4   | Killed Odimp's ghost
 19496 | Lair:4   | Reached skill level 10 in Necromancy
 19871 | D:6      | Killed skk's ghost
 20505 | Lair:5   | Reached skill level 14 in Polearms
 20505 | Lair:5   | Reached skill level 1 in Shields
 21116 | Lair:6   | Entered Level 6 of the Lair of Beasts
 21372 | Lair:6   | Reached skill level 1 in Spellcasting
 21449 | Lair:6   | Found a viscous altar of Jiyva.
 21449 | Lair:6   | Found a staircase to the Slime Pits.
 22339 | D:12     | Noticed Rupert
 22353 | D:12     | Killed Rupert
 22614 | D:12     | Noticed Urug
 22633 | D:12     | Identified the +2 robe of the Depths {Harm}
 22647 | D:12     | HP: 4/98 [troll (7)]
 23104 | D:12     | Identified the +6 spear of the Ancients {flame, rElec
                  | Will++}
 23113 | D:12     | Killed Urug
 23131 | D:12     | Reached skill level 10 in Fighting
 23131 | D:12     | Gained mutation: You have a pair of large antennae on your
                  | head. (SInv) [demonic ancestry]
 23131 | D:12     | Reached XP level 15. HP: 34/103 MP: 22/22
 23413 | D:12     | Found a staircase to the Orcish Mines.
 23447 | D:12     | Got a steaming chain mail
 23466 | D:12     | Identified the +2 chain mail "Gixzete" {Dex+2} (You found
                  | it on level 12 of the Dungeon)
 24123 | Orc:1    | Entered Level 1 of the Orcish Mines
 24355 | Orc:2    | Entered Level 2 of the Orcish Mines
 24356 | Orc:2    | Found a runed translucent gate.
 24356 | Orc:2    | Found a runed translucent gate.
 24356 | Orc:2    | Found a runed translucent gate.
 24356 | Orc:2    | Noticed an orc warlord
 24357 | Orc:2    | Noticed rpophessagr's ghost (journeyman HOMo)
 24416 | Orc:2    | Noticed an orc warlord
 24434 | Orc:2    | Killed an orc warlord
 24642 | Orc:2    | Paralysed by an orc sorcerer for 7 turns
 24646 | Orc:2    | HP: 3/105 [burnt (3)]
 24646 | Orc:2    | HP: 1/105 [poisoned by an orange demon]
 24646 | Orc:2    | Mangled by an orange demon

Illustrated notes

Levels and vault maps discovered:
D:1:      lemuel_arrival_river_ford, layout_loops_corners,
          corexii_hall_statues_l
D:2:      layout_basic, nicolae_overflow_crystal_walls, lemuel_crystal_altar,
          hangedman_decor_clover_reticule
D:3:      layout_rooms, lemuel_coloured_pillars_altar, marbit_many_paths,
          minmay_splitting_lines, nicolae_ru_the_path_less_chosen, uniq_terence,
          uniq_jessica
D:4:      layout_basic, lemuel_blue_sif_altar, chequers_hall_statues_y,
          chequers_serial_rivers_small_a, kennysheep_crisscross, uniq_natasha
D:5:      layout_loops_corners, grunt_temple_overflow_lords_of_destruction,
          enter_ossuary_1, uniq_sigmund, uniq_menkaure
D:6:      layout_rooms, kennysheep_little_box, lemuel_zombie_altar_yredelemnul,
          minmay_temple_entry_mini_moons, basic_altar,
          gammafunk_ghost_abyssal_escape, serial_co_window_serial,
          co_window_of_opportunity_a, co_window_corner_a, co_window_paths_b,
          co_window_paths_a, co_window_paths_a, co_window_paths_a,
          co_window_2corner, co_window_unsneaky_path_d, co_window_corner_b,
          co_window_broadway_a, co_window_paths_e, co_window_paths_d,
          glass_columns_a, glass_columns_b, glass_columns_b,
          gup_sewer_entry_bowl, uniq_prince_ribbit1
D:7:      layout_basic, old_standard_altar, kennysheep_mini
D:8:      layout_gridville, eat_drink_and_be_merry_uskayaw, tso_metal_star
D:9:      layout_roguey, amethyst_killhole, minmay_misc_feat_hallway, uniq_pikel
D:10:     layout_stronghold, basic_altar
D:11:     layout_loops_ring, dpeg_oklobed_lair, serial_shops, nicolae_shop_trees
D:12:     minmay_the_grid_square_5x5_4x4 [minmay_the_grid_square_5x5_minimal,
          minmay_the_grid_square_5x5_empty,
          minmay_the_grid_square_5x5_fancy_junction,
          minmay_the_grid_square_5x5_forky, minmay_the_grid_square_5x5_bridge,
          minmay_the_grid_square_5x5_prize_open,
          minmay_the_grid_square_5x5_prize_waves,
          minmay_the_grid_square_5x5_shrine2, minmay_the_grid_square_5x5_three,
          minmay_the_grid_square_5x5_prize_pseudospiral,
          minmay_the_grid_square_5x5_prize_junk,
          minmay_the_grid_square_5x5_beaten_path,
          minmay_the_grid_square_5x5_three_small,
          minmay_the_grid_square_5x5_mess, minmay_the_grid_square_5x5_fat_x,
          minmay_the_grid_square_5x5_meh], layout_loops_cross, orc_0_dummy,
          nicolae_benzene_ring, uniq_rupert, uniq_urug
Temple:   jpeg_temple_alley_garden
Lair:1:   layout_cellular_growth
Lair:2:   layout_misc_corridors, basic_altar
Lair:3:   layout_small_grid, shoals_dummy_entry, spider_nest_entry_webs,
          nicolae_volcano_entry_lava_flow, minmay_lair_oklob_chamber,
          lemuel_fruit_tree, infiniplex_staircase_pool_2
Lair:4:   layout_gridlike, ebering_ghost_reflecting_pool, minmay_holes,
          minivault_27, uniq_nergalle, uniq_kirke
Lair:5:   layout_hall_layers, chequers_serial_rivers_small_b
Lair:6:   guppyfry_lair_end_dragon, layout_misc_corridors, slime_altar_1
Orc:1:    layout_caves, serial_shops, shop
Orc:2:    grunt_orc_tribal_feast, layout_caves, gammafunk_ghost_split

Skill      XL: |  1  2  3  4  5  6  7  8  9 10 11 12 13 14 15 |
---------------+----------------------------------------------+-----
Dodging        | 1 2 4 5 6 |  6.8
Fighting       | 2 3 4 5 6 7 8 9 10 | 10.6
Armour         | 2 3 4 5 |  5.7
Polearms       | 1 2 3 4 6 8 9 11 12 13 14 | 14.0
Invocations    | 2 5 7 9 10 | 10.0
Necromancy     | 1 4 6 8 9 10 11 | 11.4
Stealth        | 1 4 6 8 |  8.0
Translocations | 2 |  2.5
Shields        | 3 4 |  4.0
Spellcasting   | 3 4 |  4.7
Evocations     | |  3.0

Action                   |  1- 3 |  4- 6 |  7- 9 | 10-12 | 13-15 || total
-------------------------+-------+-------+-------+-------+-------++-------
Melee: Dagger            |   104 |     9 |    14 |       |       ||   127
       Spear             |     1 |   105 |       |       |    21 ||   127
       Trident           |       |    26 |   370 |   490 |   376 ||  1262
       Demon trident     |       |       |       |       |   252 ||   252
 Cast: Animate Skeleton  |       |       |       |     3 |     2 ||     5
       Vampiric Draining |       |       |       |     5 |       ||     5
       Animate Dead      |       |       |       |     3 |    17 ||    20
Invok: Ancestor Identity |     2 |     1 |       |       |       ||     3
       Ancestor Life: Ba |       |     1 |       |       |       ||     1
       Recall Ancestor   |       |     1 |     1 |       |     2 ||     4
       Idealise          |       |       |       |       |     1 ||     1
Evoke: Wand              |    10 |    13 |     4 |    21 |     7 ||    55
       Condenser vane    |       |       |       |     1 |     2 ||     3
  Use: Potion            |       |     2 |       |     5 |    10 ||    17
       Scroll            |       |       |    15 |    16 |    11 ||    42
 Stab: Confused          |       |     1 |       |     1 |     2 ||     4
       Sleeping          |       |       |    11 |    27 |    27 ||    65
       Distracted        |       |       |     6 |     5 |    14 ||    25
Armor: Leather armour    |     3 |       |       |       |       ||     3
       Ring mail         |    49 |     5 |    36 |    93 |   105 ||   288
       Plate armour      |       |    86 |   166 |       |       ||   252
       Skin              |       |       |       |       |    17 ||    17
Dodge: Dodged            |    90 |    25 |   102 |   216 |   182 ||   615
Block: Other             |       |     3 |    78 |    61 |    26 ||   168
       Reflection        |       |       |     2 |     9 |     6 ||    17
       Buckler           |       |       |       |       |   116 ||   116
